 Dungeon Crawl Stone Soup version 0.29.0-11-gd7f09526c8 (webtiles) character file.

Game seed: 8390015254425530844

604 Shayle the Sneak (level 7, -2/42 HPs)
             Began as a Tengu Brigand on Sept 4, 2022.
             Was an Initiate of Wu Jian.
             Succumbed to an orc wizard's poison
             ... on level 5 of the Dungeon.
             The game lasted 00:12:16 (4694 turns).

Shayle the Sneak (Tengu Brigand)                    Turns: 4694, Time: 00:12:16

Health: -2/42      AC:  4    Str: 11    XL:     7   Next: 42%
Magic:  12/12      EV: 16    Int: 13    God:    Wu Jian [......]
Gold:   121        SH:  5    Dex: 16    Spells: 11/11 levels left

rFire   . . .      SeeInvis .   f - +0 war axe
rCold   . . .      Faith    .   (no shield)
rNeg    . . .      Spirit   .   b - +0 robe
rPois   .          Reflect  +   (helmet restricted)
rElec   .          Harm     .   c - +0 cloak
rCorr   .          Rampage  .   s - +0 pair of gloves
Will    .....                   (boots unavailable)
Stlth   +++.......              i - amulet of reflection
HPRegen 0.14/turn               w - ring of wizardry
MPRegen 0.13/turn               (no ring)

@: brilliant, lethally poisoned (-2 -> -22), flying quickly and evasively, quick
A: beak, talons 3, nimble flight
a: Renounce Religion


You were on level 5 of the Dungeon.
You worshipped Wu Jian.
Wu Jian was noncommittal.
You visited 1 branch of the dungeon, and saw 7 of its levels.

You collected 294 gold pieces.
You spent 173 gold pieces at shops.

Inventory:

Hand Weapons
 a - a +2 dagger
 f - a +0 war axe (weapon)
 o - a +4 morningstar
Missiles
 d - 14 poisoned darts (quivered)
 e - 3 curare-tipped darts
 l - 5 atropa-tipped darts
Armour
 b - a +0 robe (worn)
 c - a +0 cloak (worn)
 s - a +0 pair of gloves (worn)
Jewellery
 i - an amulet of reflection (around neck)
 k - an amulet of regeneration
 w - a ring of wizardry (left hand)
Wands
 h - a wand of flame (10)
 m - a wand of roots (1)
Scrolls
 g - a scroll of identify
 j - a scroll of vulnerability
 n - a scroll of blinking
 q - a scroll of fear
 r - a scroll of teleportation
 v - a scroll of magic mapping
Potions
 t - a potion of haste {unknown}
 u - a potion of flight {unknown}
 x - a potion of brilliance
 z - a potion of attraction {unknown}


   Skills:
 + Level 3.8 Fighting
 - Level 3.4 Short Blades
 + Level 1.3 Axes
 - Level 2.0 Throwing
 + Level 3.7 Dodging
 * Level 6.0 Stealth
 + Level 2.7 Spellcasting


You had 11 spell levels left.
You didn't know any spells.
Your spell library contained the following spells:

 Spells                   Type           Power      Damage    Failure   Level
 Summon Small Mammal      Summ           8%         N/A       10%         1
 Static Discharge         Conj/Air       2%         3-4/arc   14%         2
 Call Canine Familiar     Summ           2%         N/A       26%         3
 Summon Guardian Golem    Hex/Summ       2%         N/A       26%         3
 Lightning Bolt           Conj/Air       1%         1d12      92%         5
 Maxwell's Capacitive Co  Air            1%         ∞         100%        8


Dungeon Overview and Level Annotations

Branches:
Dungeon (7/15)
 Temple: D:4-7

Altars:
Elyvilon
Fedhas
Hepliaklqana
Kikubaaqudgha
Nemelex Xobeh
Qazlal
Ru
Wu Jian
Yredelemnul

Shops:
D:1 ?*


Innate Abilities, Weirdness & Mutations

You have a beak for a mouth.
You have claws for feet.
Your magical nature lets you fly swiftly and evasively.


Message History

You bump into the rock wall.
The gnoll barely misses you. The gnoll completely misses you.
The orc priest closely misses you. The orc completely misses you.
Something hits you but does no damage.
You are poisoned.
Unknown command.
You slash the orc priest!
You kill the orc priest!
The Council accepts your kill.
You completely miss something. You barely miss the orc. You hit the gnoll.
You feel sick. The gnoll hits you with a +0 club. The gnoll misses you.
Something hits you.
You are more poisoned.
The orc closely misses you.
You feel much better.
You feel very sick. The gnoll hits you with a +0 club.
The gnoll hits you from afar with a +0 spear!
Something barely misses you. The orc hits you with a +0 dagger.
You hit the orc. You claw the orc, but do no damage.
The orc is heavily wounded.
You completely miss something. You miss the gnoll.
You feel less confused.
You feel very sick.
You hear some strange, mumbled words.
A magic dart appears from out of thin air!
The magic dart hits you. You block the orc's attack.
You block the gnoll's attack. The gnoll completely misses you.
Something hits you.
* * * LOW HITPOINT WARNING * * *
You are more poisoned.
The gnoll hits you from afar with a +0 spear.
* * * LOW HITPOINT WARNING * * *
The gnoll hits you with a +0 club.
* * * LOW HITPOINT WARNING * * *
The orc hits you with a +0 dagger.
* * * LOW HITPOINT WARNING * * *
Unknown command.
It was a potion of brilliance.
You feel clever all of a sudden.
You die...

..........o..........?...#
...................o..#..#
§§...........o......#.#....
≈#..........#o.....?### .....
§...........#.......#.#......
.................##......##..
≈...............##....... #.
≈#........#.##.###.......
#.........#.##.)@wg......
####...#.......{og.......
.####.###................
.......##..#............#
##.........##..........##
....#....................
..#####..................
...# ......#............
.#.####...........


You could see 2 gnolls, a dart slug and an orc.

Vanquished Creatures
  5 wights
  2 hounds
  An orc priest (D:5)
  A gnoll bouda (D:4)
  9 gnolls
  8 adders
  A worm (D:3)
  2 dart slugs (D:4)
  2 orcs (D:5)
  2 bats (D:1)
  10 endoplasms
  A giant cockroach (D:1)
  5 hobgoblins
  2 jackals (D:2)
  6 kobolds
  A quokka (D:1)
  4 ball pythons
  3 frilled lizards
  7 goblins
  5 rats
77 creatures vanquished.

Vanquished Creatures (others)
  7 fungi (D:5)
  2 plants
9 creatures vanquished.

Grand Total: 86 creatures vanquished

Notes
Turn   | Place    | Note
-------+----------+-------------------------------------------
     0 | D:1      | Shayle the Tengu Brigand began the quest for the Orb.
     0 | D:1      | Reached XP level 1. HP: 12/12 MP: 2/2
    97 | D:1      | Found Xaxkefag's Magic Scroll Shoppe.
   126 | D:1      | Reached XP level 2. HP: 14/17 MP: 3/3
   188 | D:1      | Found a faded altar of an unknown god.
   489 | D:1      | Found Sobrias's General Store.
   757 | D:1      | Reached XP level 3. HP: 21/21 MP: 5/5
  1206 | D:2      | Reached skill level 1 in Spellcasting
  1384 | D:2      | Found a white marble altar of Elyvilon.
  1626 | D:2      | Reached XP level 4. HP: 24/27 MP: 6/6
  1922 | D:3      | You fall into a shaft and drop 3 floors!
  1932 | D:6      | Noticed an ogre
  1952 | D:5      | Entered Level 5 of the Dungeon
  1952 | D:5      | Found a blossoming altar of Fedhas.
  1958 | D:7      | Noticed a scorpion
  2176 | D:6      | Gained mutation: Your magical nature lets you fly swiftly
                  | and evasively. [Tengu growth]
  2176 | D:6      | Reached XP level 5. HP: 32/32 MP: 8/8
  3027 | D:4      | Reached XP level 6. HP: 37/37 MP: 10/10
  3033 | D:4      | Reached skill level 5 in Stealth
  3335 | D:4      | Found an ancient bone altar of Kikubaaqudgha.
  3337 | D:4      | Found an ornate altar of the Wu Jian Council.
  3346 | D:4      | Became a worshipper of the Wu Jian Council
  3369 | D:4      | Reached XP level 7. HP: 23/41 MP: 11/11
  3622 | D:1      | Bought 2 potions of heal wounds for 100 gold pieces
  3622 | D:1      | Bought a scroll of fear for 40 gold pieces
  3646 | D:1      | Bought a scroll of teleportation for 33 gold pieces
  4167 | D:4      | Reached skill level 1 in Axes
  4232 | D:4      | Found a sacrificial altar of Ru.
  4337 | D:4      | Found a faded altar of an unknown god.
  4337 | D:4      | Found a hazy altar of Hepliaklqana.
  4337 | D:4      | Found a faded altar of an unknown god.
  4390 | D:4      | Found a sparkling altar of Nemelex Xobeh.
  4483 | D:4      | Found a stormy altar of Qazlal.
  4650 | D:5      | Found a basalt altar of Yredelemnul.
  4686 | D:5      | Reached skill level 6 in Stealth
  4693 | D:5      | HP: 2/42 [orc/+0 dagger (3)]
  4694 | D:5      | Succumbed to an orc wizard's poison

Illustrated notes

Levels and vault maps discovered:
D:1:      onia_arrival_mini_maze, layout_loops_ring,
          shapermc_ecumenical_altar_starsandcircs, serial_shops, shop,
          nicolae_shop_statue_plus, minmay_quantized
D:2:      layout_loops_cross, basic_altar, dk_noncrumbling_4
D:3:      layout_rooms
D:4:      layout_rooms, nicolae_hepliaklqana_ecumenical_no_more,
          lemuel_coloured_pillars_altar, mainiacjoe_overflow_paths,
          nemelex_altar_shiori, nicolae_overflow_squiral
D:5:      layout_cave_pools, kennysheep_mini_moat, fedhas_altar_3,
          nicolae_hexahallways, nrook_uturn, uniq_eustachio
D:6:      layout_basic, xom_teletrap_fun, mainiacjoe_overflow_brackets,
          temple_green, serial_curves, eino_curves_02, eino_curves_01,
          kennysheep_pointless_box
D:7:      layout_rooms, serial_aquarium, aquarium_bridge_straight
          [aquarium_subvault_bridge, aquarium_subvault_wall,
          aquarium_subvault_bridge, aquarium_subvault_wall], aquarium_window_1,
          aquarium_window_2, aquarium_window_1, aquarium_view_2e

Skill      XL: |  1  2  3  4  5  6  7 |
---------------+----------------------+-----
Spellcasting   | 1 2 |  2.7
Dodging        | 2 3 |  3.7
Short Blades   | 3 |  3.4
Fighting       | 3 |  3.8
Stealth        | 5 6 |  6.0
Axes           | 1 |  1.3
Throwing       | |  2.0

Action                   |  1- 3 |  4- 6 |  7- 9 || total
-------------------------+-------+-------+-------++-------
Melee: Dagger            |    81 |    57 |       ||   138
       Kick              |    21 |    21 |    17 ||    59
       Peck              |    14 |    13 |     4 ||    31
       War axe           |       |    10 |    39 ||    49
       Punch             |       |     1 |     1 ||     2
Invok: Lunge             |       |       |     7 ||     7
Evoke: Wand              |       |     8 |       ||     8
  Use: Scroll            |     6 |     2 |       ||     8
       Potion            |       |     3 |     3 ||     6
 Stab: Sleeping          |     9 |     7 |     2 ||    18
       Invisible         |       |     1 |       ||     1
Armor: Robe              |    14 |     7 |     9 ||    30
Dodge: Dodged            |    35 |    40 |    38 ||   113
Block: Other             |     8 |    18 |    13 ||    39
